Get step-by-step instructions on how to execute this build order below. Start the game timer, and the build order will tick by so you can play in parallel with StarCraft on a second screen or mobile device.

Game Time

  0:00

Last Step

  N/A

Next Step

Upcoming Step



Don't want to look back and forth between 2 screens? Try out our Overwolf App, the Spawning Tool Build Advisor to get an in-game overlay with this build!

Complete Build Order

  12  0:01  Drone  
  13  0:08  Drone  
  14  0:17  Overlord  
  14  0:24  Drone, Extractor  
  15  0:36  Drone x2  
  15  0:38  Extractor  
  16  0:45  Drone  
  17  0:51  Spawning Pool  
  17  0:56  Drone  
  17  1:06  Drone  
  18  1:25  Hatchery  
  17  1:27  Drone  
  18  1:40  Metabolic Boost  
  18  1:42  Queen  
  18  1:46  Drone  
  21  1:52  Overlord  
  21  2:03  Drone  
  22  2:12  Zergling x4  
  24  2:18  Queen  
  26  2:23  Zergling x2  
  26  2:37  Overlord  
  26  2:46  Zergling x2  
  26  2:47  Zergling x2  
  26  2:48  Overlord  
  28  2:53  Zergling x2  
  28  2:54  Zergling x4  
  31  3:04  Zergling x2  
  31  3:05  Zergling x2  
  31  3:16  Zergling x4  
  33  3:25  Zergling x4  
  34  3:32  Zergling x6  
  34  3:33  Zergling x4  
  39  3:37  Queen  
  39  3:41  Zergling x2  
  36  3:56  Zergling x2  
  36  3:57  Zergling x6  
  39  4:13  Drone x3  
  39  4:14  Drone x4  
  44  4:32  Drone x3  
  44  4:33  Drone x3, Baneling Nest  
  44  4:38  Extractor  
  48  4:44  Zergling x2  
  48  4:45  Zergling x2  
  45  4:48  Hatchery  
  40  4:53  Zergling x2  
  40  4:54  Zergling x6  
  41  5:18  Drone x6  
  47  5:24  Queen  
  49  5:39  Drone x3  
  49  5:41  Overlord  
  51  6:03  Zergling x8  
  54  6:15  Zergling x12  
  61  6:18  Zergling x4  
  61  6:19  Queen  
  61  6:24  Baneling x9  
  64  6:26  Overlord x2  
  64  6:37  Zergling x2  
  65  6:40  Overlord x2  
  60  6:58  Zergling x16  
  47  7:15  Drone x5  
  51  7:21  Lair  
  51  7:33  Drone  
  51  7:34  Drone x7  
  59  7:47  Queen  
  61  8:01  Drone  
  61  8:02  Drone x11  
  61  8:05  Roach Warren  
  72  8:09  Overlord  
  72  8:16  Evolution Chamber  
  72  8:17  Evolution Chamber  
  72  8:18  Extractor  
  72  8:19  Extractor  
  68  8:25  Drone x3  
  68  8:26  Drone x2  
  68  8:27  Drone  
  74  8:30  Zergling x2  
  74  8:31  Zergling x14  
  82  8:38  Centrifical Hooks  
  82  8:43  Overlord  
  82  8:47  Extractor  
  81  8:50  Zerg Ground Armor Level 1, Zerg Melee Weapons Level 1  
  81  8:54  Overlord x2  
  77  9:08  Overlord x2  
  77  9:12  Drone  
  77  9:13  Drone x2, Extractor  
  77  9:14  Drone x2  
  77  9:15  Drone, Zergling x2  
  77  9:16  Zergling x8  
  87  9:22  Drone x5  
  92  9:27  Overlord x2, Spore Crawler  
  91  9:37  Zergling x8  
  91  9:38  Spire, Zergling x4  
  96  9:54  Zergling x20  
  105  10:08  Zergling x8  
  105  10:09  Zergling x4  
  105  10:12  Hatchery  
  110  10:16  Overlord x2  
  110  10:23  Zergling x4  
  106  10:42  Zergling x16  
  112  10:50  Zerg Ground Armor Level 2, Zerg Melee Weapons Level 2  
  112  10:53  Zerg Flyer Weapons Level 1  
  112  11:00  Corruptor x5  
  122  11:10  Hatchery  
  120  11:15  Baneling  
  120  11:16  Baneling x22  
  120  11:21  Zergling x6  
  123  11:26  Zergling x2  
  123  11:27  Zergling x6  
  127  11:34  Corruptor x2  
  131  11:41  Zergling x8  
  135  11:59  Infestation Pit  
  129  12:08  Zergling x2  
  129  12:09  Zergling x28  
  144  12:20  Baneling x5  
  144  12:21  Baneling x13  
  112  12:44  Zergling x26  
  112  12:45  Zergling x10  
  103  12:55  Zergling x8  
  99  13:03  Hive  
  99  13:04  Drone x3  
  98  13:21  Drone x8  
  98  13:23  Extractor  
  98  13:25  Extractor  
  104  13:28  Baneling x2  
  104  13:29  Baneling x14  
  104  13:35  Zergling x14  
  111  13:42  Queen  
  113  13:55  Zergling x12  
  119  13:56  Zergling x2  
  119  14:01  Corruptor  
  122  14:03  Corruptor  
  122  14:05  Hatchery  
  123  14:32  Ultralisk Cavern  
  118  14:53  Zerg Ground Armor Level 3, Zerg Melee Weapons Level 3  
  118  14:55  Adrenal Glands, Zergling x2  
  118  14:56  Zergling x34  
  132  15:20  Drone  
  132  15:21  Drone  
  120  15:31  Chitinous Plating  
  114  15:48  Zerg Flyer Armor Level 1  
  114  15:59  Ultralisk x7  
  156  16:10  Overlord x3  
  156  16:14  Ultralisk  
  162  16:30  Pathogen Glands  
  162  16:36  Ultralisk x2  
  174  16:43  Burrow  
  174  16:48  Ultralisk  
  174  16:51  Zergling x8  
  174  16:52  Zergling x2  
  185  17:01  Queen  
  175  17:25  Infestor x3  
  175  17:29  Overlord x9  
  181  17:38  Baneling x13  
  181  17:52  Infestor x5  
  191  17:59  Extractor  
  190  18:06  Greater Spire  
  189  18:26  Ultralisk  
  195  18:28  Hatchery  
  195  18:32  Ultralisk, Spore Crawler  
  199  18:36  Extractor  
  196  19:05  Corruptor x4  
  193  19:13  Viper  
  193  19:14  Viper  
  166  19:32  Ultralisk x4  
  173  19:48  Drone x15  
  169  19:54  Ultralisk  
  169  19:57  Zergling x12  
  169  19:58  Zergling x20  
  191  20:06  Corruptor  
  193  20:07  Corruptor